 Dungeon Crawl Stone Soup version 0.27-a0-1312-g5cdb2b3542 (webtiles) character file.

Game seed: 16801426072014589008

2417 bilbop the Sneak (level 9, -11/52 HPs)
             Began as a Kobold Summoner on June 19, 2021.
             Mangled by a two-headed ogre (18 damage)
             ... on level 8 of the Dungeon on June 20, 2021.
             The game lasted 00:35:42 (7889 turns).

bilbop the Sneak (Kobold Summoner)                  Turns: 7889, Time: 00:35:43

Health: -11/52     AC:  6    Str:  5    XL:     9   Next: 76%
Magic:  14/16      EV: 16    Int: 23    God:
Gold:   384        SH:  0    Dex: 18    Spells: 11/17 levels left

rFire    . . .     SeeInvis .   a - +0 dagger (venom)
rCold    . . .     Faith    .   (shield restricted)
rNeg     . . .     Spirit   .   p - +0 leather armour {rPois}
rPois    +         Reflect  .   o - +1 hat
rElec    .         Harm     .   v - +0 cloak
rCorr    .         Rampage  .   C - +0 pair of gloves
Will     .....                  (no boots)
Stlth    ++++......             x - amulet of regeneration
HPRegen  1.17/turn              t - +6 ring of intelligence
MPRegen  0.15/turn              (no ring)

@: no status effects
A: small, no large weapons, nightstalker 3
a: no special abilities


You were on level 8 of the Dungeon.
You visited 2 branches of the dungeon, and saw 9 of its levels.

You collected 384 gold pieces.

Inventory:

Hand Weapons
 a - a +0 dagger of venom (weapon)
 f - a +0 short sword
Missiles
 E - 4 curare-tipped darts
 G - 6 throwing nets
 H - 29 bolts
Armour
 b - a +0 robe
 c - a +0 leather armour
 e - a +0 helmet
 o - a +1 hat (worn)
 p - a +0 leather armour of poison resistance (worn)
 v - a +0 cloak (worn)
 y - a +0 troll leather armour {Purgy}
 C - a +0 pair of gloves (worn)
 F - a +0 kite shield
Jewellery
 t - a +6 ring of intelligence (left hand)
 x - an amulet of regeneration (around neck)
Scrolls
 l - a scroll of acquirement {unknown}
 m - 2 scrolls of identify {unknown}
 q - a scroll of vulnerability {unknown}
 s - a scroll of immolation {unknown}
 z - 2 scrolls of fear {unknown}
 A - 2 scrolls of amnesia {unknown}
 B - 2 scrolls of teleportation {unknown}
 D - a scroll of holy word {unknown}
Potions
 d - a potion of berserk rage {unknown}
 g - 3 potions of curing
 h - 2 potions of lignification {unknown}
 i - 2 potions of invisibility {unknown}
 j - a potion of mutation {unknown}
 k - 2 potions of heal wounds
 n - 2 potions of haste {unknown}
 r - 2 potions of degeneration {unknown}
 u - 2 potions of flight {unknown}
 w - 2 potions of cancellation {unknown}


   Skills:
 + Level 4.5 Fighting
 + Level 5.5 Short Blades
 + Level 5.0 Crossbows
 + Level 5.9 Dodging
 + Level 6.6 Stealth
 + Level 4.9 Spellcasting
 + Level 5.9 Summonings
 + Level 4.5 Invocations


You had 11 spell levels left.
You knew the following spells:

 Your Spells              Type           Power      Damage    Failure   Level
a - Summon Small Mammal   Summ           100%       N/A       1%          1
b - Call Imp              Summ           33%        N/A       1%          2
c - Call Canine Familiar  Summ           33%        N/A       4%          3

Your spell library contained the following spells:

 Spells                   Type           Power      Damage    Failure   Level
 Summon Guardian Golem    Hex/Summ       19%        N/A       14%         3
 Animate Skeleton         Necr           10%        N/A       16%         1
 Pain                     Necr           20%        1d5       16%         1
 Vampiric Draining        Necr           2%         2d6       43%         3
 Summon Ice Beast         Ice/Summ       19%        N/A       43%         4
 Summon Lightning Spire   Summ/Air       19%        N/A       43%         4
 Animate Dead             Necr           2%         N/A       85%         4
 Agony                    Necr           5%         N/A       99%         5


Dungeon Overview and Level Annotations

Branches:
Dungeon (8/15)             Temple (1/1) D:5
   Lair: D:8-11

Altars:
Ashenzari
Cheibriados
Dithmenos
Elyvilon
Gozag
Kikubaaqudgha
Makhleb
Nemelex Xobeh
Okawaru
Qazlal
Sif Muna
Uskayaw
Vehumet
Wu Jian
Xom
Zin
The Shining One

Annotations:
D:4 Dowan
D:7 Joseph


Innate Abilities, Weirdness & Mutations

You are small and have problems with some larger weapons.
You are completely attuned to the shadows.


Message History

G - 6 throwing nets (gained 4)
Things that are here:
a +0 battleaxe; a +0 chain mail; the human corpse of Harold You start resting.
HP restored.
You start resting.
Magic restored.
You swap places.
A two-headed ogre comes into view.
It is wielding a +0 vorpal dire flail and a +0 giant club.
Found 13 gold pieces.
You hit the two-headed ogre but do no damage.
The two-headed ogre is poisoned.
The two-headed ogre closely misses you. x2
You hit the two-headed ogre.
The two-headed ogre looks as sick as possible!
The two-headed ogre is lightly wounded.
Your wolf bites the two-headed ogre!
You barely miss the two-headed ogre.
The two-headed ogre is moderately wounded.
Your wolf bites the two-headed ogre!
The two-headed ogre hits you but does no damage.
The two-headed ogre hits you with a +0 giant club!
Your wolf barely misses the two-headed ogre.
Your wolf barely misses the two-headed ogre.
You hit the two-headed ogre but do no damage.
The two-headed ogre looks as sick as possible!
The two-headed ogre is heavily wounded.
Your wolf completely misses the two-headed ogre.
Your wolf barely misses the two-headed ogre.
Casting: Call Canine Familiar (dangerous; 4% risk of failure)
Confirm with . or Enter, or press ? or * to list all spells.
A beastly little devil appears in a puff of flame.
The two-headed ogre hits you with a +0 vorpal dire flail.
The two-headed ogre hits you with a +0 giant club!!
Your wolf bites the two-headed ogre but does no damage.
Your wolf bites the two-headed ogre.
Your wolf bites the two-headed ogre!
Your wolf barely misses the two-headed ogre.
The two-headed ogre hits you with a +0 vorpal dire flail!
* * * LOW HITPOINT WARNING * * *
x2 The two-headed ogre hits you with a +0 giant club!!
You die...

#...## #....# #..#.# #.
#.# #..#.# #####+##
.###.####....# #......#
...........###
#......####.......#...#
#.......).........#...##
#......@###.......#....
######O.#####)###)#..###
.....h5# #...).......
.$...#.# #.###.######
.....#.# #)# #.# .....#
. #)# #.# .....# #.# #.#
#.# #.#


You could see a two-headed ogre (extremely poisoned, ally target), a friendly
wolf (summoned) and a friendly crimson imp (summoned).

Vanquished Creatures
  Harold (D:8)
  Menkaure (D:4)
  2 water moccasins
  A sky beast (D:6)
  A wolf (D:6)
  A centaur (D:8)
  A bullfrog (D:4)
  2 gnoll sergeants (D:6)
  A scorpion (D:6)
  3 killer bees (D:7)
  A centaur zombie (D:6)
  3 hounds
  An orc priest (D:8)
  2 gnoll shamans (D:6)
  An iguana (D:4)
  10 gnolls (D:6)
  An adder (D:4)
  An adder skeleton (D:4)
  A worm (D:3)
  A dart slug (D:1)
  7 orcs
  5 endoplasms
  3 giant cockroaches
  6 goblins
  5 hobgoblins
  4 jackals (D:6)
  2 quokkas (D:2)
  6 ball pythons
  2 frilled lizards
  9 kobolds
  6 rats
91 creatures vanquished.

Vanquished Creatures (collateral kills)
  Sigmund (D:2)
  Duvessa (D:4)
  A black bear (D:6)
  Purgy (D:4)
  An orc warrior (D:8)
  A necrophage (D:4)
  A centaur (D:7)
  A kobold brigand (D:6)
  A gnoll sergeant (D:6)
  A wyvern skeleton (D:5)
  A killer bee (D:7)
  A howler monkey (D:4)
  3 hounds (D:6)
  2 orc wizards
  An adder (D:6)
  9 gnolls (D:6)
  A white imp (D:6)
  A worm (D:3)
  2 dart slugs
  6 orcs
  An endoplasm (D:3)
  3 jackals (D:6)
  4 kobolds
  A quokka (D:4)
  2 ball pythons (D:1)
  A goblin (D:1)
  A jackal skeleton (D:4)
50 creatures vanquished.

Vanquished Creatures (others)
  2 withered plants (D:5)
2 creatures vanquished.

Grand Total: 143 creatures vanquished

Notes
Turn   | Place    | Note
-------+----------+-------------------------------------------
     0 | D:1      | bilbop the Kobold Summoner began the quest for the Orb.
     0 | D:1      | Reached XP level 1. HP: 10/10 MP: 3/3
   410 | D:1      | Reached XP level 2. HP: 15/15 MP: 5/5
   434 | D:1      | Found a faded altar of an unknown god.
  1121 | D:1      | Reached skill level 1 in Short Blades
  1128 | D:1      | Reached XP level 3. HP: 20/20 MP: 2/6
  1478 | D:1      | Learned a level 2 spell: Call Imp
  1506 | D:2      | Reached skill level 3 in Stealth
  1772 | D:2      | Reached skill level 1 in Invocations
  1892 | D:2      | Noticed Sigmund
  1902 | D:2      | Killed Sigmund
  1903 | D:2      | Reached skill level 1 in Fighting
  1903 | D:2      | Reached skill level 1 in Crossbows
  1903 | D:2      | Reached XP level 4. HP: 25/25 MP: 0/8
  1903 | D:2      | Reached XP level 5. HP: 29/29 MP: 0/9
  2849 | D:3      | Found a white marble altar of Elyvilon.
  3252 | D:4      | Reached XP level 6. HP: 35/35 MP: 10/10
  3333 | D:4      | Found a hide-covered altar of Uskayaw.
  3333 | D:4      | Noticed a necrophage
  3339 | D:4      | Killed a necrophage
  3464 | D:4      | Found a burning altar of Makhleb.
  3472 | D:4      | Noticed Duvessa
  3473 | D:4      | Noticed Dowan
  3476 | D:4      | Noticed Menkaure
  3499 | D:4      | HP: 1/35 [Menkaure (9)]
  3502 | D:4      | Killed Menkaure
  3503 | D:4      | Reached skill level 4 in Stealth
  3935 | D:4      | Killed Duvessa
  3936 | D:4      | Reached XP level 7. HP: 34/40 MP: 0/11
  4466 | D:4      | Noticed Purgy
  4497 | D:4      | Killed Purgy
  4809 | D:5      | Entered Level 5 of the Dungeon
  4992 | D:5      | Found a glowing silver altar of Zin.
  5073 | D:5      | Noticed a water moccasin
  5087 | D:5      | Killed a water moccasin
  5313 | D:5      | Found a staircase to the Ecumenical Temple.
  5322 | Temple   | Entered the Ecumenical Temple
  5477 | D:5      | Found an ancient bone altar of Kikubaaqudgha.
  5708 | D:5      | Found an opulent altar of Gozag.
  6068 | D:6      | Noticed a water moccasin
  6072 | D:6      | Killed a water moccasin
  6073 | D:6      | Reached XP level 8. HP: 46/46 MP: 13/13
  6077 | D:6      | Learned a level 3 spell: Call Canine Familiar
  6098 | D:6      | Reached skill level 5 in Summonings
  6161 | D:6      | Reached skill level 5 in Stealth
  6354 | D:6      | Found a sparkling altar of Nemelex Xobeh.
  6864 | D:6      | Reached skill level 5 in Dodging
  6917 | D:6      | Reached XP level 9. HP: 52/52 MP: 11/15
  7250 | D:6      | Found a radiant altar of Vehumet.
  7425 | D:7      | Reached skill level 6 in Stealth
  7497 | D:7      | Reached skill level 5 in Short Blades
  7497 | D:7      | Noticed Joseph
  7794 | D:8      | Noticed Harold
  7810 | D:8      | Killed Harold
  7811 | D:8      | Reached skill level 5 in Crossbows
  7880 | D:8      | Noticed a two-headed ogre
  7889 | D:8      | Mangled by a two-headed ogre

Illustrated notes

Levels and vault maps discovered:
D:1:      minmay_arrival_wavy_path, layout_basic,
          hellmonk_ecumenical_altar_slurped_away, minmay_pentomino_t4
D:2:      layout_basic, uniq_sigmund
D:3:      layout_basic, nicolae_elyvilon_peaceful_grove
D:4:      layout_loops_ring, kennysheep_mini_moat,
          nicolae_uskayaw_murder_on_the_dancefloor, uniq_duvessa, uniq_menkaure,
          uniq_purgy
D:5:      layout_loops_cross, zin_academy, kiku_gazebo_garden_becter,
          nicolae_overflow_hidden_temple, minmay_temple_entry_statues_pillars,
          nicolae_underground_beach
D:6:      layout_cave_pools, kennysheep_little_box, lemuel_round_altar,
          serial_gnoll_camp, gnoll_camp_mini_doghouse, gnoll_camp_mini_hut,
          gnoll_camp_medium_01, gnoll_camp_mini_house, gnoll_camp_medium_02
D:7:      layout_basic, lemuel_tele_altar, nicolae_ru_great_annihilating_truth,
          hangedman_decor_riveting, uniq_joseph
D:8:      layout_basic, old_standard_altar, gammafunk_ghost_cemetery,
          uniq_harold, uniq_grum
Temple:   nicolae_temple_figure_zero

Skill      XL: |  1  2  3  4  5  6  7  8  9 |
---------------+----------------------------+-----
Short Blades   | 1 2 3 4 5 |  5.5
Stealth        | 3 4 5 6 |  6.6
Invocations    | 1 2 3 4 |  4.5
Fighting       | 1 2 3 4 |  4.5
Crossbows      | 1 2 3 4 5 |  5.0
Dodging        | 3 4 5 |  5.9
Spellcasting   | 3 4 |  4.9
Summonings     | 5 |  5.9

Action                   |  1- 3 |  4- 6 |  7- 9 || total
-------------------------+-------+-------+-------++-------
Melee: Short sword       |    12 |       |       ||    12
       Dagger            |    33 |    62 |   195 ||   290
 Cast: Summon Small Mamm |    25 |     7 |     8 ||    40
       Call Imp          |     3 |    17 |    54 ||    74
       Call Canine Famil |       |       |    18 ||    18
 Stab: Sleeping          |    19 |    14 |    18 ||    51
       Distracted        |       |     1 |     4 ||     5
Armor: Robe              |     2 |       |       ||     2
       Leather armour    |     5 |     9 |    65 ||    79
Dodge: Dodged            |    21 |    19 |   229 ||   269

Table legend: (Time is in decaauts)
 A = Elapsed time spent in this place.
 B = Non-inter-level travel time spent in this place.
 C = Inter-level travel time spent in this place.
 D = Time resting spent in this place.
 E = Time spent auto-exploring this place.
 F = Levels seen in this place.
 G = Mean time per level.
                   A        B        C        D        E       F      G
               +--------+--------+--------+--------+--------+-----+--------+
         Total |   7842 |   7619 |    223 |   1006 |   5280 |   9 |  871.3 |
       Dungeon |   7717 |   7503 |    214 |   1006 |   5166 |   8 |  964.6 |
        Temple |    124 |    115 |      9 |      0 |    114 |   1 |  124.0 |
               +--------+--------+--------+--------+--------+-----+--------+

Top non-repeatable levels by time:
     D:4: 1582 daAuts
     D:1: 1501 daAuts
     D:6: 1273 daAuts
     D:5: 1117 daAuts
     D:3: 1000 daAuts
     D:2: 712 daAuts
     D:8: 386 daAuts
     D:7: 142 daAuts
  Temple: 124 daAuts
